 Dungeon Crawl Stone Soup version 0.18-a0-1060-g4fac74f (webtiles) character file.

209 namelastname112 the Sneak (level 5, -3/41 HPs)
             Began as a Draconian Wizard on Jan 13, 2016.
             Killed from afar by an orc wizard (5 damage)
             ... with a puff of flame
             ... on level 3 of the Dungeon.
             The game lasted 00:07:37 (4195 turns).

namelastname112 the Sneak (Draconian Wizard)        Turns: 4195, Time: 00:07:37

Health: -3/41      AC:  5    Str: 14    XL:     5   Next: 55%
Magic:  0/9        EV: 12    Int: 24    God:
Gold:   160        SH:  0    Dex: 10    Spells: 1 memorised, 9 levels left

rFire  . . .     SeeInvis .     d - +0 short sword
rCold  . . .     Gourm    .     (armour unavailable)
rNeg   . . .     Faith    .     (no shield)
rPois  .         Spirit   +     a - +0 hat
rElec  .         Dismiss  .     (no cloak)
rCorr  .         Reflect  .     (no gloves)
SustAt .         Harm     .     (no boots)
MR     .....                    g - amulet of guardian spirit
Stlth  +.........               k - ring of wizardry
                                e - +5 ring of strength

@: confused, brilliant, not resistant to hostile enchantments, very unstealthy
A: unfitting armour, cold-blooded, AC +5
a: no special abilities


You were on level 3 of the Dungeon.
You were hungry.

You visited 1 branch of the dungeon, and saw 3 of its levels.

You collected 160 gold pieces.

Inventory:

Hand Weapons
 d - a +0 short sword (weapon)
 v - a +0 blowgun
Missiles
 u - 22 poisoned needles
Armour
 a - a +0 hat (worn)
Jewellery
 e - a +5 ring of strength (left hand)
 g - an amulet of guardian spirit (around neck)
 i - an uncursed ring of flight
 k - a ring of wizardry (right hand)
Scrolls
 f - a scroll of random uselessness {unknown}
 m - 2 scrolls of identify {unknown}
 p - 3 scrolls of fog {unknown}
 r - a scroll of remove curse {unknown}
Potions
 l - a potion of cure mutation
 s - a potion of brilliance
Books
 b - a book of Minor Magic

   Spells                             Type                      Level
   a - Magic Dart                     Conjuration                  1
   b - Blink                          Translocation                2
   c - Call Imp                       Summoning                    2
   d - Repel Missiles                 Charms/Air                   2
   e - Slow                           Hexes                        2
   f - Conjure Flame                  Conjuration/Fire             3
   g - Mephitic Cloud                 Conjuration/Poison/Air       3
Comestibles
 c - a bread ration
 h - a beef jerky
 n - a meat ration


   Skills:
 + Level 2.2 Fighting
 * Level 2.9 Short Blades
 + Level 2.5 Dodging
 * Level 3.6 Stealth
 - Level 3.0 Spellcasting
 - Level 1.0 Conjurations
   Level 1.0 Summonings
   Level 1.0 Translocations


You had 9 spell levels left.
You knew the following spells:

 Your Spells              Type           Power        Failure   Level  Hunger
z - Magic Dart            Conj           ###.         1%          1    None


Dungeon Overview and Level Annotations

Branches:
Dungeon (3/15)

Altars:
Cheibriados
Okawaru
Trog
The Shining One


Innate Abilities, Weirdness & Mutations

Your plain brown scales are hard (AC +5).
Your body does not fit into most forms of armour.
You are cold-blooded and may be slowed by cold attacks.


Message History

You hit something.
You hear some strange, mumbled words.
Something tries to affect you, but you resist.
You hit something but do no damage. Something hits you but does no damage.
You hit something. Something hits you.
* * * LOW HITPOINT WARNING * * *
You closely miss something.
You hear some strange, mumbled words.
A magic dart appears from out of thin air!
The magic dart hits you!
* * * LOW HITPOINT WARNING * * *
You hear some strange, mumbled words.
You are confused.
Something hits you but does no damage.
You see here a falchion.
You barely miss something.
You hear some strange, mumbled words.
A puff of flame appears from out of thin air!
The puff of flame hits you!
You die...

### ######## #######.#
.^...... ......[.#
######## #.# ###### #)#
#....# #.# #.#.## ####
#@####.#.# ...#
#.{....#.# ##.#
############.# ##.#
#.....# #.#
...#########.###.######.#
.............# #.#......#
############## #.#.######
♣###♣####..♣# #...#
...#..#...P.## #####


There were no monsters in sight!

Vanquished Creatures
  4 gnolls
  2 river rats (D:3)
  6 adders
  3 giant geckos
  4 orcs (D:3)
  2 ball pythons
  4 giant cockroaches
  10 goblins
  14 hobgoblins
  6 jackals
  6 kobolds
  2 quokkas
  13 bats
  4 giant newts
  6 rats
86 creatures vanquished.

Vanquished Creatures (others)
  2 plants (D:3)
2 creatures vanquished.

Grand Total: 88 creatures vanquished

Notes
Turn   | Place    | Note
--------------------------------------------------------------
     0 | D:1      | namelastname112 the Draconian Wizard began the quest for the Orb.
     0 | D:1      | Reached XP level 1. HP: 14/14 MP: 4/4
   129 | D:1      | Reached XP level 2. HP: 20/22 MP: 3/6
   175 | D:1      | Reached skill level 1 in Fighting
   445 | D:1      | Reached skill level 1 in Short Blades
   675 | D:1      | Reached XP level 3. HP: 25/28 MP: 4/7
  1051 | D:2      | Found an iron altar of Okawaru.
  1651 | D:2      | Found a glowing golden altar of the Shining One.
  1655 | D:2      | Reached XP level 4. HP: 35/35 MP: 4/8
  2520 | D:2      | Found a snail-covered altar of Cheibriados.
  2800 | D:3      | Found a bloodstained altar of Trog.
  2822 | D:2      | Reached XP level 5. HP: 23/41 MP: 5/9
  4192 | D:3      | HP: 1/41 [something/magic dart (3)]
  4195 | D:3      | Killed from afar by an orc wizard

Vault maps used:
D:1:      mainiacjoe_arrival_reflecting_pool, st_stairs_4
D:2:      okawaru_gym_becter, nicolae_tso_carved_into_rock,
          lemuel_crystal_altar, serial_bayou_pond_b
D:3:      wad_woods_tower, lemuel_doored_altar

Action                   |  1- 3 |  4- 6 || total
-------------------------+-------+-------++-------
Melee: Short sword       |   109 |   143 ||   252
 Cast: Magic Dart        |    42 |   112 ||   154
  Use: Potion            |       |     5 ||     5
 Stab: Sleeping          |     4 |       ||     4
  Eat: Chunk             |     2 |     7 ||     9
       Fruit             |       |     1 ||     1
